WCHLSIM.com - West Coast Hockey League
html PUBLIC "-//W3C//DTD XHTML 1.0 Transitional//EN" "http://www.w3.org/TR/xhtml1/DTD/xhtml1-transitional.dtd"> WCHL - Game 125 - NORTH DAKOTA HAWKS vs BANFF WOLVES

NORTH DAKOTA HAWKS vs BANFF WOLVES

Created - 29 octobre 2022 at 23:05

Goals
1 2 3 T
NORTH DAKOTA HAWKS 2 2 0 4
BANFF WOLVES 3 1 1 5
Shots
1 2 3 T
NORTH DAKOTA HAWKS 9 20 6 35
BANFF WOLVES 13 6 8 27

1st period

1. BANFF WOLVES , Roope Hintz 6 (Alex Tuch 8, Jamie Oleksiak 2) at 4:11
2. NORTH DAKOTA HAWKS , Alex Killorn 4 (Reyley Smith 2, Nick Suzuki 2) at 6:07 (PP)
3. BANFF WOLVES , Vincent Trocheck 2 (Miro Heiskanen 1, Mats Zuccarello 4) at 7:21
4. BANFF WOLVES , Roope Hintz 7 (Alex Tuch 9, Brady Tkachuk 2) at 15:11
5. NORTH DAKOTA HAWKS , Jordan Kyrou 2 (Alex Killorn 3, Erik Johnson 2) at 17:08

Penalties :
Alex Killorn (NDH) for Roughing (Minor) at 1:00, Alexander Romanov (BAN) for Holding (Minor) at 4:23, Esa Lindell (BAN) for Roughing (Minor) at 12:55

2nd period

6. BANFF WOLVES , Miro Heiskanen 2 (Mats Zuccarello 5, Vincent Trocheck 6) at 4:59
7. NORTH DAKOTA HAWKS , Nazem Kadri 5 (Jack Hughes 6, Jason Robertson 8) at 15:26 (PP)
8. NORTH DAKOTA HAWKS , Mathew Dumba 1 (Jordan Kyrou 4, Alex Killorn 4) at 19:33 (PP)

Penalties :
Alexander Romanov (BAN) for Goalie Interference (Minor) at 0:58, Dougie Hamilton (BAN) for Hooking (Minor) at 15:02, Esa Lindell (BAN) for High sticking (Minor) at 18:27, Brandon Montour (BAN) for Hooking (Minor) at 19:42

3rd period

9. BANFF WOLVES , Alex Tuch 5 (Roope Hintz 7) at 2:22

Penalties :
Josh Manson (NDH) for Roughing (Minor) at 3:02, Jason Robertson (NDH) for High sticking (Minor) at 9:17, Nazem Kadri (NDH) for Tripping (Minor) at 14:00

Goalie Stats

Carter Hart (NDH), 11 saves from 15 shots - (0,733), 24:59 minutes
Pavel Francouz (NDH), 11 saves from 12 shots - (0,917), L, 1-2-0, 35:01 minutes
John Gibson (BAN), 31 saves from 35 shots - (0,886), W, 3-2-0, 60:00 minutes

Players Stats for NORTH DAKOTA HAWKS

Player Name              G  A  P  +/- PIM S  H  SB GA TA FO     MP     PP MP  PK MP  
------------------------------------------------------------------------------------
Alex Killorn             1  2  3   0  2   3  2  0  0  0  0/1    16:39   4:13   0:00 
Colin Blackwell          0  0  0  -1  0   1  0  0  0  0  0/0     6:17   0:00   1:43 
Dillon Dube              0  0  0  -2  0   0  2  0  0  0  2/2    12:50   0:00   0:40 
Erik Johnson             0  1  1  -1  0   0  0  1  0  0  0/0    18:39   0:00   4:21 
Frank Vatrano            0  0  0  -1  0   0  0  0  0  0  0/1     4:34   0:00   0:00 
Jack Hughes              0  1  1   0  0   5  0  0  0  0  9/15   18:03   5:11   0:00 
Jason Robertson          0  1  1  -1  2   5  0  0  0  0  1/3    20:27   4:58   1:48 
Jordan Kyrou             1  1  2   0  0   3  0  0  0  0  1/1    17:14   4:00   0:47 
Josh Manson              0  0  0  -2  2   0  0  0  0  0  0/0    13:19   0:00   0:00 
Mathew Dumba             1  0  1  -1  0   5  1  1  0  0  0/0    22:25   4:00   3:35 
Nazem Kadri              1  0  1  -1  2   4  2  0  0  0  11/21  19:19   4:58   0:40 
Nic Dowd                 0  0  0  -1  0   2  0  0  0  0  8/14    9:22   0:00   4:48 
Nick Holden              0  0  0  -2  0   1  0  0  0  0  0/0    16:55   0:00   3:35 
Nick Suzuki              0  1  1  -2  0   4  0  0  0  0  12/23  16:23   4:13   0:00 
Patrick Kane             0  0  0  -1  0   1  0  0  0  0  0/3    18:40   4:58   0:00 
Quinton Hughes           0  0  0  -1  0   0  1  1  0  0  0/0    19:54   5:11   0:00 
Reyley Smith             0  1  1  -2  0   1  1  0  0  0  0/2    21:49   4:13   5:26 
Ryan Lindgren            0  0  0  -1  0   0  0  1  0  0  0/0    19:11   0:00   4:21 

Players Stats for BANFF WOLVES

Player Name              G  A  P  +/- PIM S  H  SB GA TA FO     MP     PP MP  PK MP  
------------------------------------------------------------------------------------
Alex Tuch                1  2  3   2  0   2  0  0  0  0  1/2    20:36   4:08   0:00 
Alexander Romanov        0  0  0  -1  4   0  1  0  0  0  0/0    12:53   0:00   2:57 
Brady Tkachuk            0  1  1   2  0   5  1  0  0  0  2/3    19:41   3:48   0:00 
Brandon Montour          0  0  0  -1  2   0  0  1  0  0  0/0    14:24   4:27   0:00 
Dawson Mercer            0  0  0   0  0   0  0  0  0  0  1/1    11:41   3:29   0:00 
Dougie Hamilton          0  0  0   2  2   0  1  5  0  0  0/0    21:57   3:29   3:38 
Esa Lindell              0  0  0   3  4   0  1  1  0  0  0/0    21:34   0:00   3:32 
Jakub Voracek            0  0  0   2  0   3  1  0  0  0  0/1    18:03   3:48   0:00 
Jamie Oleksiak           0  1  1   2  0   0  1  2  0  0  0/0    18:44   0:00   3:53 
Joe Snively              0  0  0   0  0   0  0  0  0  0  0/0     3:58   0:00   0:00 
Logan O'Connor           0  0  0   0  0   3  1  0  0  0  0/0     7:19   0:00   3:21 
Mats Zuccarello          0  2  2   2  0   2  1  1  0  0  0/3    24:48   4:08   5:50 
Miro Heiskanen           1  1  2   3  0   1  2  0  0  0  0/0    26:53   4:27   4:22 
Nick Cousins             0  0  0   0  0   0  1  0  0  0  0/4     3:58   0:00   0:00 
Philipp Kurashev         0  0  0   0  0   0  0  0  0  0  0/1     8:12   0:00   0:00 
Roope Hintz              2  1  3   2  0   4  0  0  0  0  11/28  20:36   4:08   0:00 
Sean Couturier           0  0  0   0  0   3  0  0  0  0  12/20  14:02   0:00   5:50 
Vincent Trocheck         1  1  2   2  0   4  3  0  0  0  15/23  21:24   3:48   3:21 

3 Stars

1 - Roope Hintz (BAN)
2 - Alex Tuch (BAN)
3 - Miro Heiskanen (BAN)

Power Play

NORTH DAKOTA HAWKS - 3 on 6 Attempt(s) - 50,00%
BANFF WOLVES - 0 on 4 Attempt(s) - 0,00%

Penalty Kill

NORTH DAKOTA HAWKS - 4 on 4 Attempt(s) - 100,00% - Score 0 goal in Penalty Kill
BANFF WOLVES - 3 on 6 Attempt(s) - 50,00% - Score 0 goal in Penalty Kill

Team Stat

NORTH DAKOTA HAWKS - Hits : 9 - Faceoff Wins : 44 - Blocked Shots : 4 - Penalty Minutes : 8
BANFF WOLVES - Hits : 14 - Faceoff Wins : 42 - Blocked Shots : 10 - Penalty Minutes : 12

Official

Referees : Ben O'Quinn and Tom Chmielewski
Linesman : Ryan Daisy and Ken Bonham

Game Notes

Pavel Francouz enters game at 4:59 of 2nd period

Finance

Level 1 -- Attendance: 6086 (86,33%) -- Ticket Income 760 750 $
Level 2 -- Attendance: 4716 (79,18%) -- Ticket Income 471 600 $
Level 3 -- Attendance: 2340 (100,00%) -- Ticket Income 140 400 $
Level 4 -- Attendance: 5000 (100,00%) -- Ticket Income 225 000 $
Luxury Box -- Attendance: 944 (88,64%) -- Ticket Income 259 600 $
Game was played at the Rocky Mountains Sports Complex.
Total Attendance: 19086 (89,14%)
Total Ticket Income: 1 857 350 $
Other Expense: 18 574 $
Total Income: 1 838 776 $

NORTH DAKOTA HAWKS

5 vs 5 Forward 
   Center                   Left Wing                Right Wing               Time % Phy DF OF 
 1 Nazem Kadri              Jason Robertson          Patrick Kane             30     0   0  5  
 2 Jack Hughes              Alex Killorn             Jordan Kyrou             29     0   0  5  
 3 Nick Suzuki              Dillon Dube              Reyley Smith             28     0   1  4  
 4 Nic Dowd                 Colin Blackwell          Frank Vatrano            13     0   3  2  

5 vs 5 Defense 
   Defense                  Defense                                           Time % Phy DF OF 
 1 Quinton Hughes           Erik Johnson                                      37     0   1  4  
 2 Ryan Lindgren            Mathew Dumba                                      33     0   2  3  
 3 Nick Holden              Josh Manson                                       20     0   3  2  
 4 Nick Holden              Josh Manson                                       10     0   3  2  

PowerPlay Forward 
   Center                   Left Wing                Right Wing               Time % Phy DF OF 
 1 Nazem Kadri              Jason Robertson          Patrick Kane             55     0   0  5  
 2 Nick Suzuki              Alex Killorn             Reyley Smith             45     0   0  5  

PowerPlay Defense
   Defense                  Defense                                           Time % Phy DF OF 
 1 Jack Hughes              Quinton Hughes                                    55     0   0  5  
 2 Mathew Dumba             Jordan Kyrou                                      45     0   0  5  

Penalty Kill 4 Players Forward 
   Center                   Wing                     Time % Phy DF OF 
 1 Nic Dowd                 Reyley Smith             70     0   4  1  
 2 Nazem Kadri              Dillon Dube              30     0   4  1  

Penalty Kill 4 Players Defense
   Defense                  Defense                  Time % Phy DF OF 
 1 Ryan Lindgren            Erik Johnson             70     0   5  0  
 2 Nick Holden              Mathew Dumba             30     0   5  0  

Penalty Kill - 3 Players Forward 
   Forward                                           Time % Phy DF OF 
 1 Nic Dowd                                          70     0   5  0  
 2 Nazem Kadri                                       30     0   5  0  

Penalty Kill - 3 Players Defense
   Defense                  Defense                  Time % Phy DF OF 
 1 Ryan Lindgren            Erik Johnson             70     0   5  0  
 2 Nick Holden              Mathew Dumba             30     0   5  0  

4 vs 4 Forward 
   Center                   Wing                     Time % Phy DF OF 
 1 Nazem Kadri              Patrick Kane             55     0   0  5  
 2 Nick Suzuki              Jason Robertson          45     0   0  5  

4 vs 4 Defense
   Defense                  Defense                  Time % Phy DF OF 
 1 Quinton Hughes           Erik Johnson             55     0   1  4  
 2 Ryan Lindgren            Mathew Dumba             45     0   1  4  

Last Minutes Offensive
   Center                   Left Wing                Right Wing               Defense                  Defense                  
   Nazem Kadri              Jason Robertson          Patrick Kane             Quinton Hughes           Jack Hughes              

Last Minutes Defensive
   Center                   Left Wing                Right Wing               Defense                  Defense                  
   Nazem Kadri              Jason Robertson          Reyley Smith             Ryan Lindgren            Erik Johnson             

Goaltenders
Starting : Carter Hart              
Backup : Pavel Francouz           

Extra Forwards
Normal : Dillon Dube, Frank Vatrano, Colin Blackwell - PP : Frank Vatrano, Dillon Dube - PK : Jason Robertson
Extra Defensemen
Normal : Ryan Lindgren, Josh Manson, Erik Johnson - PP : Erik Johnson - PK : Josh Manson, Quinton Hughes
Penalty Shots
Nazem Kadri, Jack Hughes, Jason Robertson, Patrick Kane, Jordan Kyrou
Custom OT Lines Forwards
Nazem Kadri, Patrick Kane, Jason Robertson, Jack Hughes, Jordan Kyrou, Nick Suzuki, Alex Killorn, Reyley Smith, Frank Vatrano, Dillon Dube
Custom OT Lines Defensemen
Quinton Hughes, Mathew Dumba, Erik Johnson, Nick Holden, Ryan Lindgren

Scratches
Connor Clifton (Healthy), Marc Staal (Healthy), Jake DeBrusk (Torso Injury)

BANFF WOLVES

5 vs 5 Forward 
   Center                   Left Wing                Right Wing               Time % Phy DF OF 
 1 Roope Hintz              Brady Tkachuk            Alex Tuch                38     0   2  3  
 2 Vincent Trocheck         Mats Zuccarello          Jakub Voracek            35     0   2  3  
 3 Sean Couturier           Philipp Kurashev         Dawson Mercer            22     1   2  2  
 4 Nick Cousins             Joe Snively              Logan O'Connor           5      0   5  0  

5 vs 5 Defense 
   Defense                  Defense                                           Time % Phy DF OF 
 1 Miro Heiskanen           Esa Lindell                                       38     1   2  2  
 2 Dougie Hamilton          Jamie Oleksiak                                    34     1   2  2  
 3 Brandon Montour          Alexander Romanov                                 26     1   2  2  
 4 Miro Heiskanen           Esa Lindell                                       2      1   2  2  

PowerPlay Forward 
   Center                   Left Wing                Right Wing               Time % Phy DF OF 
 1 Roope Hintz              Mats Zuccarello          Alex Tuch                55     0   0  5  
 2 Vincent Trocheck         Brady Tkachuk            Jakub Voracek            45     0   1  4  

PowerPlay Defense
   Defense                  Defense                                           Time % Phy DF OF 
 1 Miro Heiskanen           Brandon Montour                                   55     0   0  5  
 2 Dougie Hamilton          Dawson Mercer                                     45     0   1  4  

Penalty Kill 4 Players Forward 
   Center                   Wing                     Time % Phy DF OF 
 1 Sean Couturier           Mats Zuccarello          55     1   4  0  
 2 Vincent Trocheck         Logan O'Connor           45     1   4  0  

Penalty Kill 4 Players Defense
   Defense                  Defense                  Time % Phy DF OF 
 1 Alexander Romanov        Esa Lindell              55     1   4  0  
 2 Dougie Hamilton          Jamie Oleksiak           45     1   4  0  

Penalty Kill - 3 Players Forward 
   Forward                                           Time % Phy DF OF 
 1 Vincent Trocheck                                  55     1   4  0  
 2 Sean Couturier                                    45     0   5  0  

Penalty Kill - 3 Players Defense
   Defense                  Defense                  Time % Phy DF OF 
 1 Jamie Oleksiak           Esa Lindell              55     1   4  0  
 2 Dougie Hamilton          Alexander Romanov        45     1   4  0  

4 vs 4 Forward 
   Center                   Wing                     Time % Phy DF OF 
 1 Vincent Trocheck         Roope Hintz              55     1   4  0  
 2 Sean Couturier           Brady Tkachuk            45     1   4  0  

4 vs 4 Defense
   Defense                  Defense                  Time % Phy DF OF 
 1 Brandon Montour          Esa Lindell              55     1   4  0  
 2 Dougie Hamilton          Miro Heiskanen           45     1   4  0  

Last Minutes Offensive
   Center                   Left Wing                Right Wing               Defense                  Defense                  
   Roope Hintz              Mats Zuccarello          Alex Tuch                Miro Heiskanen           Esa Lindell              

Last Minutes Defensive
   Center                   Left Wing                Right Wing               Defense                  Defense                  
   Roope Hintz              Mats Zuccarello          Alex Tuch                Miro Heiskanen           Esa Lindell              

Goaltenders
Starting : John Gibson              
Backup : Jeremy Swayman           

Extra Forwards
Normal : Mats Zuccarello, Roope Hintz, Alex Tuch - PP : Alex Tuch, Roope Hintz - PK : Sean Couturier
Extra Defensemen
Normal : Miro Heiskanen, Dougie Hamilton, Esa Lindell - PP : Miro Heiskanen - PK : Miro Heiskanen, Esa Lindell
Penalty Shots
Mats Zuccarello, Roope Hintz, Alex Tuch, Vincent Trocheck, Sean Couturier
Custom OT Lines Forwards
Mats Zuccarello, Roope Hintz, Alex Tuch, Vincent Trocheck, Jakub Voracek, Brady Tkachuk, Sean Couturier, Dawson Mercer, Logan O'Connor, Philipp Kurashev
Custom OT Lines Defensemen
Miro Heiskanen, Esa Lindell, Dougie Hamilton, Jamie Oleksiak, Brandon Montour

Scratches
None


% Time on Ice - NORTH DAKOTA HAWKS

Lines # - Real PCT - Wanted PCT - Time Play
Normal Forward
1 - 31% - 30% - 13:17
2 - 29% - 29% - 12:27
3 - 29% - 28% - 12:10
4 - 11% - 13% - 4:34
Normal Defense
1 - 34% - 37% - 14:18
2 - 35% - 33% - 14:50
3 - 24% - 20% - 10:07
4 - 8% - 10% - 3:13
PP Forward
1 - 54% - 55% - 4:58
2 - 46% - 45% - 4:13
PP Defense
1 - 56% - 55% - 5:11
2 - 44% - 45% - 4:00
PK Forward
1 - 92% - 70% - 7:16
2 - 8% - 30% - 0:40
PK Defense
1 - 55% - 70% - 4:21
2 - 45% - 30% - 3:35
PK3 Forward
1 - 0% - 70%
2 - 0% - 30%
PK3 Defense
1 - 0% - 70%
2 - 0% - 30%
44 Forward
1 - 0% - 55%
2 - 0% - 45%
44 Defense
1 - 0% - 55%
2 - 0% - 45%
Last Minute Offensive  - 0:25
Last Minute Defensive  - 0:00
Total
Forward - 60:00
Defense - 60:00

% Time on Ice - BANFF WOLVES

Lines # - Real PCT - Wanted PCT - Time Play
Normal Forward
1 - 38% - 38% - 15:53
2 - 34% - 35% - 14:15
3 - 19% - 22% - 8:12
4 - 9% - 5% - 3:58
Normal Defense
1 - 41% - 38% - 17:29
2 - 35% - 34% - 14:51
3 - 24% - 26% - 9:58
4 - 0% - 2% - 0:00
PP Forward
1 - 52% - 55% - 4:08
2 - 48% - 45% - 3:48
PP Defense
1 - 56% - 55% - 4:27
2 - 44% - 45% - 3:29
PK Forward
1 - 64% - 55% - 5:50
2 - 36% - 45% - 3:21
PK Defense
1 - 58% - 55% - 5:18
2 - 42% - 45% - 3:53
PK3 Forward
1 - 0% - 55%
2 - 0% - 45%
PK3 Defense
1 - 0% - 55%
2 - 0% - 45%
44 Forward
1 - 0% - 55%
2 - 0% - 45%
44 Defense
1 - 0% - 55%
2 - 0% - 45%
Last Minute Offensive  - 0:00
Last Minute Defensive  - 0:35
Total
Forward - 60:00
Defense - 60:00

Play-by-Play

1st period


0:01 of 1st period - Nazem Kadri wins face-off versus Roope Hintz in neutral zone.
0:08 of 1st period - Off-side.
0:09 of 1st period - Jack Hughes wins face-off versus Vincent Trocheck in neutral zone.
0:25 of 1st period - Jack Hughes is hit by Jakub Voracek and loses puck.
0:45 of 1st period - Vincent Trocheck is hit by Mathew Dumba and loses puck.
1:00 of 1st period - Minor Penalty to Alex Killorn for Roughing.
1:01 of 1st period - Nic Dowd wins face-off versus Roope Hintz in NORTH DAKOTA HAWKS zone.
2:00 of 1st period - Shot by Jakub Voracek.
2:00 of 1st period - Stopped by Carter Hart with a rebound.
2:02 of 1st period - Shot by Vincent Trocheck.
2:02 of 1st period - Shot Misses the Net.
2:04 of 1st period - Shot by Vincent Trocheck.
2:04 of 1st period - Shot Misses the Net.
2:16 of 1st period - Shot by Brady Tkachuk.
2:16 of 1st period - Stopped by Carter Hart without a rebound.
2:17 of 1st period - Nic Dowd wins face-off versus Vincent Trocheck in NORTH DAKOTA HAWKS zone.
2:23 of 1st period - Icing by Vincent Trocheck.
2:24 of 1st period - Vincent Trocheck wins face-off versus Reyley Smith in BANFF WOLVES zone.
2:37 of 1st period - Shot by Jakub Voracek.
2:37 of 1st period - Shot Misses the Net.
2:39 of 1st period - Shot by Brady Tkachuk.
2:39 of 1st period - Stopped by Carter Hart with a rebound.
2:41 of 1st period - Shot by Miro Heiskanen.
2:41 of 1st period - Shot Misses the Net.
2:43 of 1st period - Shot by Miro Heiskanen.
2:43 of 1st period - Shot Blocked by Mathew Dumba.
2:45 of 1st period - Shot by Vincent Trocheck.
2:45 of 1st period - Stopped by Carter Hart with a rebound.
2:47 of 1st period - Shot by Jakub Voracek.
2:47 of 1st period - Stopped by Carter Hart without a rebound.
2:48 of 1st period - Nic Dowd wins face-off versus Roope Hintz in NORTH DAKOTA HAWKS zone.
3:09 of 1st period - Shot by Logan O'Connor.
3:09 of 1st period - Stopped by Carter Hart with a rebound.
3:11 of 1st period - Shot by Miro Heiskanen.
3:11 of 1st period - Shot Blocked by Erik Johnson.
3:30 of 1st period - Nazem Kadri is hit by Logan O'Connor and loses puck.
3:35 of 1st period - Shot by Logan O'Connor.
3:35 of 1st period - Stopped by Carter Hart without a rebound.
3:36 of 1st period - Nick Suzuki wins face-off versus Roope Hintz in NORTH DAKOTA HAWKS zone.
3:52 of 1st period - Alex Tuch is hit by Dillon Dube and loses puck.
4:11 of 1st period - Shot by Roope Hintz.
4:11 of 1st period - Goal by Roope Hintz - NORTH DAKOTA HAWKS : 0 - BANFF WOLVES : 1.
4:12 of 1st period - Dawson Mercer wins face-off versus Nic Dowd in neutral zone.
4:23 of 1st period - Minor Penalty to Alexander Romanov for Holding.
4:24 of 1st period - Nazem Kadri wins face-off versus Sean Couturier in BANFF WOLVES zone.
5:55 of 1st period - Shot by Nick Suzuki.
5:55 of 1st period - Deflect By Alex Killorn.
5:55 of 1st period - Stopped by John Gibson without a rebound.
5:56 of 1st period - Nick Suzuki wins face-off versus Sean Couturier in BANFF WOLVES zone.
6:03 of 1st period - Shot by Nick Suzuki.
6:03 of 1st period - Shot Misses the Net.
6:05 of 1st period - Shot by Reyley Smith.
6:05 of 1st period - Shot Misses the Net.
6:07 of 1st period - Shot by Alex Killorn.
6:07 of 1st period - Goal by Alex Killorn - NORTH DAKOTA HAWKS : 1 - BANFF WOLVES : 1.
6:08 of 1st period - Nic Dowd wins face-off versus Roope Hintz in neutral zone.
6:38 of 1st period - Off-side.
6:39 of 1st period - Vincent Trocheck wins face-off versus Nick Suzuki in neutral zone.
6:49 of 1st period - Miro Heiskanen is hit by Reyley Smith and loses puck.
7:17 of 1st period - Shot by Mats Zuccarello.
7:17 of 1st period - Stopped by Carter Hart with a rebound.
7:19 of 1st period - Shot by Miro Heiskanen.
7:19 of 1st period - Shot Blocked by Ryan Lindgren.
7:21 of 1st period - Shot by Vincent Trocheck.
7:21 of 1st period - Goal by Vincent Trocheck - NORTH DAKOTA HAWKS : 1 - BANFF WOLVES : 2.
7:22 of 1st period - Roope Hintz wins face-off versus Patrick Kane in neutral zone.
7:25 of 1st period - Shot by Brady Tkachuk.
7:25 of 1st period - Shot Misses the Net.
7:27 of 1st period - Shot by Alex Tuch.
7:27 of 1st period - Shot Misses the Net.
7:59 of 1st period - Shot by Jason Robertson.
7:59 of 1st period - Shot Blocked by Brandon Montour.
8:02 of 1st period - Icing by Alexander Romanov.
8:03 of 1st period - Roope Hintz wins face-off versus Alex Killorn in BANFF WOLVES zone.
8:41 of 1st period - Icing by Miro Heiskanen.
8:42 of 1st period - Sean Couturier wins face-off versus Patrick Kane in BANFF WOLVES zone.
9:19 of 1st period - Shot by Nazem Kadri.
9:19 of 1st period - Shot Misses the Net.
9:40 of 1st period - Icing by Ryan Lindgren.
9:41 of 1st period - Nazem Kadri wins face-off versus Vincent Trocheck in NORTH DAKOTA HAWKS zone.
10:10 of 1st period - Quinton Hughes is hit by Vincent Trocheck and loses puck.
10:26 of 1st period - Reyley Smith is hit by Jamie Oleksiak and loses puck.
10:36 of 1st period - Icing by Erik Johnson.
10:37 of 1st period - Nick Suzuki wins face-off versus Brady Tkachuk in NORTH DAKOTA HAWKS zone.
10:55 of 1st period - Off-side.
10:56 of 1st period - Jack Hughes wins face-off versus Nick Cousins in neutral zone.
11:15 of 1st period - Jordan Kyrou is hit by Miro Heiskanen and loses puck.
11:18 of 1st period - Shot by Jack Hughes.
11:18 of 1st period - Shot Misses the Net.
12:12 of 1st period - Shot by Nazem Kadri.
12:12 of 1st period - Stopped by John Gibson with a rebound.
12:14 of 1st period - Shot by Jason Robertson.
12:14 of 1st period - Shot Blocked by Dougie Hamilton.
12:16 of 1st period - Shot by Mathew Dumba.
12:16 of 1st period - Stopped by John Gibson without a rebound.
12:17 of 1st period - Vincent Trocheck wins face-off versus Reyley Smith in BANFF WOLVES zone.
12:31 of 1st period - Off-side.
12:32 of 1st period - Roope Hintz wins face-off versus Nic Dowd in neutral zone.
12:53 of 1st period - Shot by Mathew Dumba.
12:53 of 1st period - Stopped by John Gibson without a rebound.
12:54 of 1st period - Jack Hughes wins face-off versus Vincent Trocheck in BANFF WOLVES zone.
12:54 of 1st period - Jack Hughes is hit by Esa Lindell.
12:55 of 1st period - Minor Penalty to Esa Lindell for Roughing.
12:56 of 1st period - Nazem Kadri wins face-off versus Sean Couturier in BANFF WOLVES zone.
13:41 of 1st period - Icing by Nazem Kadri.
13:42 of 1st period - Vincent Trocheck wins face-off versus Nazem Kadri in NORTH DAKOTA HAWKS zone.
14:47 of 1st period - Shot by Alex Killorn.
14:47 of 1st period - Shot Misses the Net.
14:55 of 1st period - Shot by Nick Suzuki.
14:55 of 1st period - Stopped by John Gibson with a rebound.
15:11 of 1st period - Shot by Roope Hintz.
15:11 of 1st period - Goal by Roope Hintz - NORTH DAKOTA HAWKS : 1 - BANFF WOLVES : 3.
15:12 of 1st period - Nic Dowd wins face-off versus Nick Cousins in neutral zone.
15:14 of 1st period - Frank Vatrano is hit by Miro Heiskanen and loses puck.
15:21 of 1st period - Shot by Frank Vatrano.
15:21 of 1st period - Shot Misses the Net.
15:23 of 1st period - Shot by Nic Dowd.
15:23 of 1st period - Shot Misses the Net.
15:25 of 1st period - Shot by Nic Dowd.
15:25 of 1st period - Stopped by John Gibson with a rebound.
15:43 of 1st period - Shot by Colin Blackwell.
15:43 of 1st period - Shot Blocked by Esa Lindell.
15:45 of 1st period - Shot by Colin Blackwell.
15:45 of 1st period - Stopped by John Gibson with a rebound.
17:02 of 1st period - Shot by Alex Killorn.
17:02 of 1st period - Shot Misses the Net.
17:08 of 1st period - Shot by Jordan Kyrou.
17:08 of 1st period - Goal by Jordan Kyrou - NORTH DAKOTA HAWKS : 2 - BANFF WOLVES : 3.
17:09 of 1st period - Sean Couturier wins face-off versus Nazem Kadri in neutral zone.
17:34 of 1st period - Shot by Dawson Mercer.
17:34 of 1st period - Shot Misses the Net.
18:24 of 1st period - Shot by Brady Tkachuk.
18:24 of 1st period - Stopped by Carter Hart without a rebound.
18:25 of 1st period - Jordan Kyrou wins face-off versus Vincent Trocheck in NORTH DAKOTA HAWKS zone.
18:25 of 1st period - Jordan Kyrou is hit by Vincent Trocheck.
18:44 of 1st period - Icing by Quinton Hughes.
18:45 of 1st period - Roope Hintz wins face-off versus Jack Hughes in NORTH DAKOTA HAWKS zone.
18:57 of 1st period - Off-side.
18:58 of 1st period - Vincent Trocheck wins face-off versus Nick Suzuki in neutral zone.
19:41 of 1st period - Shot by Mats Zuccarello.
19:41 of 1st period - Stopped by Carter Hart without a rebound.
19:42 of 1st period - Jack Hughes wins face-off versus Alex Tuch in NORTH DAKOTA HAWKS zone.
Goals for this period are 2 for NORTH DAKOTA HAWKS vs 3 for BANFF WOLVES.
Shots for this period are 9 for NORTH DAKOTA HAWKS vs 13 for BANFF WOLVES.

2nd period


0:01 of 2nd period - Brady Tkachuk wins face-off versus Jack Hughes in neutral zone.
0:30 of 2nd period - Shot by Roope Hintz.
0:30 of 2nd period - Shot Blocked by Quinton Hughes.
0:32 of 2nd period - Shot by Roope Hintz.
0:32 of 2nd period - Stopped by Carter Hart without a rebound.
0:33 of 2nd period - Vincent Trocheck wins face-off versus Nazem Kadri in NORTH DAKOTA HAWKS zone.
0:56 of 2nd period - Alexander Romanov is hit by Nazem Kadri and loses puck.
0:58 of 2nd period - Minor Penalty to Alexander Romanov for Goalie Interference.
0:59 of 2nd period - Nick Suzuki wins face-off versus Sean Couturier in BANFF WOLVES zone.
1:00 of 2nd period - Shot by Jack Hughes.
1:00 of 2nd period - Shot Misses the Net.
1:04 of 2nd period - Shot by Jack Hughes.
1:04 of 2nd period - Shot Blocked by Dougie Hamilton.
1:19 of 2nd period - Off-side.
1:20 of 2nd period - Nazem Kadri wins face-off versus Mats Zuccarello in neutral zone.
2:30 of 2nd period - Shot by Quinton Hughes.
2:30 of 2nd period - Shot Blocked by Jamie Oleksiak.
2:32 of 2nd period - Shot by Jack Hughes.
2:32 of 2nd period - Stopped by John Gibson with a rebound.
2:34 of 2nd period - Shot by Nick Suzuki.
2:34 of 2nd period - Shot Misses the Net.
2:36 of 2nd period - Shot by Nick Suzuki.
2:36 of 2nd period - Stopped by John Gibson with a rebound.
2:39 of 2nd period - Reyley Smith is hit by Dougie Hamilton and loses puck.
2:44 of 2nd period - Shot by Quinton Hughes.
2:44 of 2nd period - Shot Misses the Net.
2:46 of 2nd period - Shot by Jack Hughes.
2:46 of 2nd period - Stopped by John Gibson without a rebound.
2:47 of 2nd period - Vincent Trocheck wins face-off versus Nick Suzuki in BANFF WOLVES zone.
3:39 of 2nd period - Icing by Josh Manson.
3:40 of 2nd period - Sean Couturier wins face-off versus Frank Vatrano in NORTH DAKOTA HAWKS zone.
4:57 of 2nd period - Shot by Mats Zuccarello.
4:57 of 2nd period - Shot Misses the Net.
4:59 of 2nd period - Shot by Miro Heiskanen.
4:59 of 2nd period - Goal by Miro Heiskanen - NORTH DAKOTA HAWKS : 2 - BANFF WOLVES : 4.
4:59 of 2nd period - Pavel Francouz enters game.
5:00 of 2nd period - Brady Tkachuk wins face-off versus Nick Suzuki in neutral zone.
5:07 of 2nd period - Shot by Roope Hintz.
5:07 of 2nd period - Shot Misses the Net.
6:14 of 2nd period - Shot by Jason Robertson.
6:14 of 2nd period - Stopped by John Gibson without a rebound.
6:15 of 2nd period - Jack Hughes wins face-off versus Philipp Kurashev in BANFF WOLVES zone.
6:16 of 2nd period - Shot by Alex Killorn.
6:16 of 2nd period - Shot Blocked by Dougie Hamilton.
6:18 of 2nd period - Shot by Nick Holden.
6:18 of 2nd period - Stopped by John Gibson with a rebound.
6:28 of 2nd period - Shot by Alex Killorn.
6:28 of 2nd period - Stopped by John Gibson without a rebound.
6:29 of 2nd period - Nazem Kadri wins face-off versus Vincent Trocheck in BANFF WOLVES zone.
6:30 of 2nd period - Shot by Jason Robertson.
6:30 of 2nd period - Shot Misses the Net.
7:00 of 2nd period - Shot by Jason Robertson.
7:00 of 2nd period - Stopped by John Gibson without a rebound.
7:01 of 2nd period - Alex Tuch wins face-off versus Jack Hughes in BANFF WOLVES zone.
10:05 of 2nd period - Shot by Nic Dowd.
10:05 of 2nd period - Stopped by John Gibson without a rebound.
10:06 of 2nd period - Sean Couturier wins face-off versus Jack Hughes in BANFF WOLVES zone.
10:06 of 2nd period - Dawson Mercer is hit by Alex Killorn and loses puck.
10:48 of 2nd period - Shot by Jordan Kyrou.
10:48 of 2nd period - Stopped by John Gibson without a rebound.
10:49 of 2nd period - Nazem Kadri wins face-off versus Roope Hintz in BANFF WOLVES zone.
11:03 of 2nd period - Icing by Quinton Hughes.
11:04 of 2nd period - Nazem Kadri wins face-off versus Nick Cousins in NORTH DAKOTA HAWKS zone.
11:20 of 2nd period - Shot by Nazem Kadri.
11:20 of 2nd period - Stopped by John Gibson without a rebound.
11:21 of 2nd period - Nick Suzuki wins face-off versus Roope Hintz in BANFF WOLVES zone.
11:28 of 2nd period - Shot by Mathew Dumba.
11:28 of 2nd period - Stopped by John Gibson without a rebound.
11:29 of 2nd period - Dillon Dube wins face-off versus Roope Hintz in BANFF WOLVES zone.
11:37 of 2nd period - Icing by Jamie Oleksiak.
11:38 of 2nd period - Roope Hintz wins face-off versus Nazem Kadri in BANFF WOLVES zone.
11:53 of 2nd period - Shot by Jason Robertson.
11:53 of 2nd period - Stopped by John Gibson without a rebound.
11:54 of 2nd period - Nick Suzuki wins face-off versus Sean Couturier in BANFF WOLVES zone.
11:59 of 2nd period - Shot by Dillon Dube.
11:59 of 2nd period - Shot Misses the Net.
12:02 of 2nd period - Icing by Miro Heiskanen.
12:03 of 2nd period - Sean Couturier wins face-off versus Jack Hughes in BANFF WOLVES zone.
13:36 of 2nd period - Shot by Reyley Smith.
13:36 of 2nd period - Stopped by John Gibson without a rebound.
13:37 of 2nd period - Vincent Trocheck wins face-off versus Patrick Kane in BANFF WOLVES zone.
13:48 of 2nd period - Shot by Nazem Kadri.
13:48 of 2nd period - Shot Misses the Net.
14:13 of 2nd period - Shot by Nazem Kadri.
14:13 of 2nd period - Stopped by John Gibson with a rebound.
15:02 of 2nd period - Minor Penalty to Dougie Hamilton for Hooking.
15:03 of 2nd period - Sean Couturier wins face-off versus Nick Suzuki in BANFF WOLVES zone.
15:15 of 2nd period - Shot by Jordan Kyrou.
15:15 of 2nd period - Shot Misses the Net.
15:17 of 2nd period - Shot by Mathew Dumba.
15:17 of 2nd period - Stopped by John Gibson without a rebound.
15:18 of 2nd period - Nazem Kadri wins face-off versus Vincent Trocheck in BANFF WOLVES zone.
15:18 of 2nd period - Nazem Kadri is hit by Alexander Romanov.
15:24 of 2nd period - Shot by Jack Hughes.
15:24 of 2nd period - Stopped by John Gibson with a rebound.
15:26 of 2nd period - Shot by Nazem Kadri.
15:26 of 2nd period - Goal by Nazem Kadri - NORTH DAKOTA HAWKS : 3 - BANFF WOLVES : 4.
15:27 of 2nd period - Nick Suzuki wins face-off versus Roope Hintz in neutral zone.
15:39 of 2nd period - Off-side.
15:40 of 2nd period - Sean Couturier wins face-off versus Nazem Kadri in neutral zone.
16:00 of 2nd period - Shot by Patrick Kane.
16:00 of 2nd period - Shot Misses the Net.
16:04 of 2nd period - Shot by Jason Robertson.
16:04 of 2nd period - Stopped by John Gibson without a rebound.
16:05 of 2nd period - Roope Hintz wins face-off versus Nick Suzuki in BANFF WOLVES zone.
16:05 of 2nd period - Roope Hintz is hit by Dillon Dube.
16:15 of 2nd period - Shot by Alex Tuch.
16:15 of 2nd period - Stopped by Pavel Francouz with a rebound.
16:37 of 2nd period - Shot by Nick Suzuki.
16:37 of 2nd period - Stopped by John Gibson without a rebound.
16:38 of 2nd period - Vincent Trocheck wins face-off versus Nazem Kadri in BANFF WOLVES zone.
16:52 of 2nd period - Icing by Erik Johnson.
16:53 of 2nd period - Sean Couturier wins face-off versus Nazem Kadri in NORTH DAKOTA HAWKS zone.
17:04 of 2nd period - Shot by Sean Couturier.
17:04 of 2nd period - Stopped by Pavel Francouz without a rebound.
17:05 of 2nd period - Dillon Dube wins face-off versus Roope Hintz in NORTH DAKOTA HAWKS zone.
17:17 of 2nd period - Shot by Roope Hintz.
17:17 of 2nd period - Stopped by Pavel Francouz without a rebound.
17:18 of 2nd period - Vincent Trocheck wins face-off versus Jack Hughes in NORTH DAKOTA HAWKS zone.
17:46 of 2nd period - Shot by Jakub Voracek.
17:46 of 2nd period - Stopped by Pavel Francouz without a rebound.
17:47 of 2nd period - Roope Hintz wins face-off versus Nick Suzuki in NORTH DAKOTA HAWKS zone.
18:27 of 2nd period - Minor Penalty to Esa Lindell for High sticking.
18:28 of 2nd period - Sean Couturier wins face-off versus Nazem Kadri in BANFF WOLVES zone.
19:31 of 2nd period - Shot by Jordan Kyrou.
19:31 of 2nd period - Shot Blocked by Jamie Oleksiak.
19:33 of 2nd period - Shot by Mathew Dumba.
19:33 of 2nd period - Goal by Mathew Dumba - NORTH DAKOTA HAWKS : 4 - BANFF WOLVES : 4.
19:34 of 2nd period - Nick Suzuki wins face-off versus Roope Hintz in neutral zone.
19:42 of 2nd period - Minor Penalty to Brandon Montour for Hooking.
19:43 of 2nd period - Sean Couturier wins face-off versus Nick Suzuki in BANFF WOLVES zone.
19:58 of 2nd period - Alexander Romanov is hit by Alex Killorn and loses puck.
Goals for this period are 2 for NORTH DAKOTA HAWKS vs 1 for BANFF WOLVES.
Shots for this period are 20 for NORTH DAKOTA HAWKS vs 6 for BANFF WOLVES.

3rd period


0:01 of 3rd period - Nazem Kadri wins face-off versus Sean Couturier in neutral zone.
0:23 of 3rd period - Shot by Jason Robertson.
0:23 of 3rd period - Shot Hit the Post.
0:25 of 3rd period - Shot by Nazem Kadri.
0:25 of 3rd period - Shot Blocked by Dougie Hamilton.
0:27 of 3rd period - Shot by Jason Robertson.
0:27 of 3rd period - Stopped by John Gibson without a rebound.
0:28 of 3rd period - Vincent Trocheck wins face-off versus Nick Suzuki in BANFF WOLVES zone.
0:44 of 3rd period - Icing by Mathew Dumba.
0:45 of 3rd period - Nick Suzuki wins face-off versus Sean Couturier in NORTH DAKOTA HAWKS zone.
1:02 of 3rd period - Shot by Nick Suzuki.
1:02 of 3rd period - Shot Misses the Net.
1:04 of 3rd period - Shot by Reyley Smith.
1:04 of 3rd period - Shot Blocked by Mats Zuccarello.
2:11 of 3rd period - Alex Tuch is hit by Quinton Hughes and loses puck.
2:22 of 3rd period - Shot by Alex Tuch.
2:22 of 3rd period - Goal by Alex Tuch - NORTH DAKOTA HAWKS : 4 - BANFF WOLVES : 5.
2:23 of 3rd period - Vincent Trocheck wins face-off versus Nic Dowd in neutral zone.
2:34 of 3rd period - Nic Dowd is hit by Mats Zuccarello and loses puck.
3:02 of 3rd period - Minor Penalty to Josh Manson for Roughing.
3:03 of 3rd period - Roope Hintz wins face-off versus Nic Dowd in NORTH DAKOTA HAWKS zone.
4:13 of 3rd period - Shot by Brady Tkachuk.
4:13 of 3rd period - Stopped by Pavel Francouz without a rebound.
4:14 of 3rd period - Vincent Trocheck wins face-off versus Jason Robertson in NORTH DAKOTA HAWKS zone.
4:26 of 3rd period - Shot by Vincent Trocheck.
4:26 of 3rd period - Stopped by Pavel Francouz without a rebound.
4:27 of 3rd period - Jason Robertson wins face-off versus Roope Hintz in NORTH DAKOTA HAWKS zone.
5:52 of 3rd period - Icing by Josh Manson.
5:53 of 3rd period - Jack Hughes wins face-off versus Roope Hintz in NORTH DAKOTA HAWKS zone.
6:14 of 3rd period - Shot by Brady Tkachuk.
6:14 of 3rd period - Stopped by Pavel Francouz with a rebound.
6:20 of 3rd period - Shot by Patrick Kane.
6:20 of 3rd period - Stopped by John Gibson without a rebound.
6:21 of 3rd period - Nick Suzuki wins face-off versus Jakub Voracek in BANFF WOLVES zone.
6:47 of 3rd period - Shot by Vincent Trocheck.
6:47 of 3rd period - Stopped by Pavel Francouz without a rebound.
6:48 of 3rd period - Nazem Kadri wins face-off versus Roope Hintz in NORTH DAKOTA HAWKS zone.
7:07 of 3rd period - Ryan Lindgren is hit by Brady Tkachuk.
7:44 of 3rd period - Off-side.
7:45 of 3rd period - Jack Hughes wins face-off versus Mats Zuccarello in neutral zone.
8:13 of 3rd period - Shot by Jordan Kyrou.
8:13 of 3rd period - Stopped by John Gibson without a rebound.
8:14 of 3rd period - Nick Suzuki wins face-off versus Sean Couturier in BANFF WOLVES zone.
8:21 of 3rd period - Shot by Nick Suzuki.
8:21 of 3rd period - Stopped by John Gibson without a rebound.
8:22 of 3rd period - Sean Couturier wins face-off versus Nick Suzuki in BANFF WOLVES zone.
8:31 of 3rd period - Shot by Sean Couturier.
8:31 of 3rd period - Shot Misses the Net.
8:51 of 3rd period - Shot by Nick Suzuki.
8:51 of 3rd period - Shot Blocked by Dougie Hamilton.
8:57 of 3rd period - Shot by Sean Couturier.
8:57 of 3rd period - Stopped by Pavel Francouz without a rebound.
8:58 of 3rd period - Jack Hughes wins face-off versus Mats Zuccarello in NORTH DAKOTA HAWKS zone.
9:14 of 3rd period - Shot by Jack Hughes.
9:14 of 3rd period - Stopped by John Gibson without a rebound.
9:15 of 3rd period - Roope Hintz wins face-off versus Nazem Kadri in BANFF WOLVES zone.
9:17 of 3rd period - Minor Penalty to Jason Robertson for High sticking.
9:18 of 3rd period - Nic Dowd wins face-off versus Roope Hintz in NORTH DAKOTA HAWKS zone.
9:27 of 3rd period - Shot by Alex Tuch.
9:27 of 3rd period - Shot Misses the Net.
10:32 of 3rd period - Off-side.
10:33 of 3rd period - Nic Dowd wins face-off versus Vincent Trocheck in neutral zone.
11:31 of 3rd period - Shot by Logan O'Connor.
11:31 of 3rd period - Stopped by Pavel Francouz without a rebound.
11:32 of 3rd period - Jack Hughes wins face-off versus Nick Cousins in NORTH DAKOTA HAWKS zone.
11:32 of 3rd period - Jack Hughes is hit by Nick Cousins.
11:39 of 3rd period - Off-side.
11:40 of 3rd period - Roope Hintz wins face-off versus Jason Robertson in neutral zone.
13:01 of 3rd period - Shot by Nick Suzuki.
13:01 of 3rd period - Shot Misses the Net.
13:46 of 3rd period - Shot by Jack Hughes.
13:46 of 3rd period - Stopped by John Gibson without a rebound.
13:47 of 3rd period - Sean Couturier wins face-off versus Nazem Kadri in BANFF WOLVES zone.
13:47 of 3rd period - Sean Couturier is hit by Nazem Kadri.
14:00 of 3rd period - Minor Penalty to Nazem Kadri for Tripping.
14:01 of 3rd period - Roope Hintz wins face-off versus Nic Dowd in NORTH DAKOTA HAWKS zone.
14:48 of 3rd period - Shot by Brady Tkachuk.
14:48 of 3rd period - Shot Hit the Post.
14:57 of 3rd period - Off-side.
14:58 of 3rd period - Vincent Trocheck wins face-off versus Nic Dowd in neutral zone.
15:44 of 3rd period - Off-side.
15:45 of 3rd period - Nic Dowd wins face-off versus Roope Hintz in neutral zone.
17:07 of 3rd period - Shot by Brady Tkachuk.
17:07 of 3rd period - Shot Misses the Net.
17:49 of 3rd period - Quinton Hughes is hit by Vincent Trocheck and loses puck.
18:16 of 3rd period - Shot by Mats Zuccarello.
18:16 of 3rd period - Shot Misses the Net.
18:22 of 3rd period - Shot by Mats Zuccarello.
18:22 of 3rd period - Shot Misses the Net.
18:31 of 3rd period - Icing by Dougie Hamilton.
18:32 of 3rd period - Vincent Trocheck wins face-off versus Nick Suzuki in BANFF WOLVES zone.
19:15 of 3rd period - Shot by Sean Couturier.
19:15 of 3rd period - Stopped by Pavel Francouz with a rebound.
19:17 of 3rd period - Shot by Sean Couturier.
19:17 of 3rd period - Shot Misses the Net.
19:24 of 3rd period - Icing by Mathew Dumba.
19:25 of 3rd period - Nick Suzuki wins face-off versus Roope Hintz in NORTH DAKOTA HAWKS zone.
Goals for this period are 0 for NORTH DAKOTA HAWKS vs 1 for BANFF WOLVES.
Shots for this period are 6 for NORTH DAKOTA HAWKS vs 8 for BANFF WOLVES.


AUSTON
MATTHEWS
JOEL
ERIKSSON
MATHEW
BARZAL

EAST COAST

HOCKEY LEAGUE

  • 21.PIT7MAN3
  • 22.ATL3NHW4
  • 23.WOR5PET4
  • 24.3RHI4
  • 25.QUECHI
  • 26.CHALIM
  • 27.TRVLON
  • 28.CHWBAL